BLB
SANTO DOMINGO RUM RUNNERS @ SYRACUSE SNAPPERS
05/20/2060
 
TOP OF THE 1ST
Santo Domingo Rum Runners batting - Pitching for Syracuse Snappers : RHP Kurtis McClellan
Pitching: RHP Kurtis McClellan
Batting: LHB Tom Ho 0-0: Foul Ball, location: 2F
0-1: Ground out 6-3 (Groundball, 6, EV 106.2 MPH)
Batting: RHB Devain Ecevit 0-0: Ground out 4-3 (Groundball, 4, EV 103.8 MPH)
Batting: LHB Damon Casebier 0-0: Ball
1-0: Called Strike
1-1: Called Strike
1-2: Ball
2-2: Ball
3-2: Foul Ball, location: 2F
3-2: Strikes out looking
Top of the 1st over - 0 runs, 0 hits, 0 errors, 0 left on base; Santo Domingo 0 - Syracuse 0
BOTTOM OF THE 1ST
Syracuse Snappers batting - Pitching for Santo Domingo Rum Runners : RHP Dave Scott
Pitching: RHP Dave Scott
Batting: RHB Ben Piche 0-0: Ball
1-0: Ball
2-0: Foul Ball, location: 2F
2-1: Ball
3-1: Called Strike
3-2: Strikes out swinging
Batting: RHB Charlie Jones 0-0: SINGLE (Line Drive, 6MD, EV 107.5 MPH)
Batting: RHB Asher Kappler 0-0: Foul Ball, location: 2F
0-1: Ball
1-1: Ball
2-1: Called Strike
2-2: Strikes out swinging
Batting: LHB Devan Clark 0-0: Called Strike
Charlie Jones steals 2nd base
0-1: Ball
1-1: Ground out 6-3 (Groundball, 6, EV 88.8 MPH)
Bottom of the 1st over - 0 runs, 1 hit, 0 errors, 1 left on base; Santo Domingo 0 - Syracuse 0
TOP OF THE 2ND
Santo Domingo Rum Runners batting - Pitching for Syracuse Snappers : RHP Kurtis McClellan
Batting: LHB Ronald Anderson 0-0: Foul Ball, location: 2F
0-1: Foul Ball, location: 2F
0-2: Ball
1-2: Ground out U3 (Groundball, 3, EV 110.0 MPH)
Batting: RHB Tommie Adamson 0-0: Foul Ball, location: 2F
0-1: Ball
1-1: Swinging Strike
1-2: Ground out 6-3 (Groundball, 6, EV 80.6 MPH)
Batting: RHB Alan West 0-0: Ball
1-0: Fly out, F9 (Line Drive, 89M, EV 95.6 MPH)
Top of the 2nd over - 0 runs, 0 hits, 0 errors, 0 left on base; Santo Domingo 0 - Syracuse 0
BOTTOM OF THE 2ND
Syracuse Snappers batting - Pitching for Santo Domingo Rum Runners : RHP Dave Scott
Batting: SHB J.D. Diltz 0-0: Foul Ball, location: 2F
0-1: Ball
1-1: Swinging Strike
1-2: Strikes out swinging
Batting: RHB Damian Goranson 0-0: Called Strike
0-1: SINGLE (Groundball, 6MD, EV 104.4 MPH)
Batting: SHB Spencer Buccheri 0-0: Fielders Choice at 2nd, 5-4 (Groundball, 56, EV 90.0 MPH)
Batting: LHB Lawrence Gatzioudis 0-0: Called Strike
0-1: Ball
1-1: Ball
2-1: Called Strike
2-2: Foul Ball, location: 2F
2-2: Fielders Choice at 2nd, 5-4 (Groundball, 56, EV 95.6 MPH)
Bottom of the 2nd over - 0 runs, 1 hit, 0 errors, 1 left on base; Santo Domingo 0 - Syracuse 0
TOP OF THE 3RD
Santo Domingo Rum Runners batting - Pitching for Syracuse Snappers : RHP Kurtis McClellan
Batting: LHB Larry Collier 0-0: Foul Ball, location: 2F
0-1: Swinging Strike
0-2: Strikes out swinging
Batting: RHB Devin Geertz 0-0: Called Strike
0-1: Foul Ball, location: 2F
0-2: Ball
1-2: Ball
2-2: Ball
3-2: Strikes out swinging
Batting: RHB Andy Wood 0-0: Called Strike
0-1: Ground out 5-3 (Groundball, 56, EV 82.5 MPH)
Top of the 3rd over - 0 runs, 0 hits, 0 errors, 0 left on base; Santo Domingo 0 - Syracuse 0
BOTTOM OF THE 3RD
Syracuse Snappers batting - Pitching for Santo Domingo Rum Runners : RHP Dave Scott
Batting: RHB Lukas Byrd 0-0: Ball
1-0: Ball
2-0: Ground out 5-3 (Groundball, 5S, EV 71.2 MPH)
Batting: RHB Ben Piche 0-0: Ball
1-0: Foul Ball, location: 2F
1-1: Ground out 4-3 (Groundball, 34, EV 101.2 MPH)
Batting: RHB Charlie Jones 0-0: Ball
1-0: Called Strike
1-1: DOUBLE (Line Drive, 9LS, EV 110.0 MPH)
Batting: RHB Asher Kappler 0-0: Called Strike
0-1: Called Strike
0-2: Ball
1-2: Strikes out looking
Bottom of the 3rd over - 0 runs, 1 hit, 0 errors, 1 left on base; Santo Domingo 0 - Syracuse 0
TOP OF THE 4TH
Santo Domingo Rum Runners batting - Pitching for Syracuse Snappers : RHP Kurtis McClellan
Batting: LHB Tom Ho 0-0: Foul Ball, location: 2F
0-1: Swinging Strike
0-2: Foul Ball, location: 2F
0-2: Foul Ball, location: 2F
0-2: Ball
1-2: Foul Ball, location: 2F
1-2: Ball
2-2: Strikes out swinging
Batting: RHB Devain Ecevit 0-0: Swinging Strike
0-1: Called Strike
0-2: Ball
1-2: Strikes out swinging
Batting: LHB Damon Casebier 0-0: Called Strike
0-1: Ball
1-1: Called Strike
1-2: SINGLE (Groundball, 56D, EV 101.9 MPH) (infield hit)
Batting: LHB Ronald Anderson 0-0: Swinging Strike
0-1: Ball
1-1: Called Strike
1-2: Fly out, F8 (Flyball, 8RM, EV 99.4 MPH)
Top of the 4th over - 0 runs, 1 hit, 0 errors, 1 left on base; Santo Domingo 0 - Syracuse 0
BOTTOM OF THE 4TH
Syracuse Snappers batting - Pitching for Santo Domingo Rum Runners : RHP Dave Scott
Batting: LHB Devan Clark 0-0: SINGLE (Groundball, 34D, EV 94.4 MPH)
Batting: SHB J.D. Diltz 0-0: Ball
1-0: Ball
2-0: Called Strike
2-1: Swinging Strike
2-2: Foul Ball, location: 2F
2-2: Ball
3-2: Foul Ball, location: 2F
3-2: Base on Balls
Devan Clark to second
Batting: RHB Damian Goranson 0-0: Ball
1-0: Ball
Devan Clark steals 3rd base
J.D. Diltz to second
2-0: Ball
3-0: Called Strike
3-1: Fly out, F9 (Line Drive, 9S, EV 98.8 MPH)
Batting: SHB Spencer Buccheri 0-0: Ball
1-0: Ball
2-0: Ball
3-0: Called Strike
3-1: Swinging Strike
3-2: 3-RUN HOME RUN (Flyball, 89XD, EV 104.4 MPH), Distance : 391 ft
Batting: LHB Lawrence Gatzioudis 0-0: Called Strike
0-1: SINGLE (Line Drive, 9S, EV 91.9 MPH)
Batting: RHB Lukas Byrd 0-0: Ball
1-0: Foul Ball, location: 2F
1-1: Fly out, F7 (Flyball, 78M, EV 87.5 MPH)
Batting: RHB Ben Piche 0-0: Called Strike
0-1: Reached on error, E6 (Groundball, 6, EV 111.2 MPH)
Lawrence Gatzioudis to second
Batting: RHB Charlie Jones 0-0: Ball
1-0: SINGLE (Line Drive, 6MD, EV 97.5 MPH)
Lawrence Gatzioudis to third
Ben Piche to second
Batting: RHB Asher Kappler 0-0: Called Strike
0-1: Ball
1-1: Ball
2-1: Foul Ball, location: 2F
2-2: SINGLE (Groundball, 4M, EV 99.4 MPH) (infield hit)
Lawrence Gatzioudis scores
Ben Piche to third
Charlie Jones to second
Batting: LHB Devan Clark 0-0: Called Strike
0-1: Fielders Choice at 2nd, 6-4 (Groundball, 6, EV 90.0 MPH)
Bottom of the 4th over - 4 runs, 5 hits, 1 error, 3 left on base; Santo Domingo 0 - Syracuse 4
TOP OF THE 5TH
Santo Domingo Rum Runners batting - Pitching for Syracuse Snappers : RHP Kurtis McClellan
Batting: RHB Tommie Adamson 0-0: Ball
1-0: Fly out, F4 (Popup, 4, EV 68.1 MPH)
Batting: RHB Alan West 0-0: Called Strike
0-1: Swinging Strike
0-2: Ball
1-2: Foul Ball, location: 2F
1-2: Strikes out swinging
Batting: LHB Larry Collier 0-0: Called Strike
0-1: Foul Ball, location: 2F
0-2: Strikes out swinging
Top of the 5th over - 0 runs, 0 hits, 0 errors, 0 left on base; Santo Domingo 0 - Syracuse 4
BOTTOM OF THE 5TH
Syracuse Snappers batting - Pitching for Santo Domingo Rum Runners : RHP Dave Scott
Batting: SHB J.D. Diltz 0-0: Single, Error in OF, E7, batter to second base (Line Drive, 7S, EV 85.0 MPH)
Batting: RHB Damian Goranson 0-0: Called Strike
0-1: Foul Ball, location: 2F
0-2: Foul Ball, location: 2F
0-2: Ball
1-2: Strikes out swinging
Batting: SHB Spencer Buccheri 0-0: Foul Ball, location: 2F
0-1: Ball
1-1: Ball
2-1: Ball
3-1: Fly out, F9 (Flyball, 89M, EV 92.5 MPH)
Batting: LHB Lawrence Gatzioudis 0-0: Ball
1-0: Swinging Strike
1-1: Ball
2-1: Foul Ball, location: 2F
2-2: Ball
3-2: Base on Balls
Batting: RHB Lukas Byrd 0-0: Ball
1-0: Called Strike
1-1: Swinging Strike
1-2: Fielders Choice at 2nd, 5-4 (Groundball, 56, EV 108.8 MPH)
Bottom of the 5th over - 0 runs, 1 hit, 1 error, 2 left on base; Santo Domingo 0 - Syracuse 4
TOP OF THE 6TH
Santo Domingo Rum Runners batting - Pitching for Syracuse Snappers : RHP Kurtis McClellan
Batting: RHB Devin Geertz 0-0: Ball
1-0: SINGLE (Line Drive, 78S, EV 111.9 MPH)
Batting: RHB Andy Wood 0-0: Called Strike
0-1: Ball
1-1: Ball
2-1: Foul Ball, location: 2F
2-2: SINGLE (Groundball, 34D, EV 103.1 MPH)
Devin Geertz to second
Runner from 2nd tries for 3rd, SAFE, no throw by RF
Batting: LHB Tom Ho 0-0: Called Strike
0-1: Foul Ball, location: 2F
0-2: Fly out, F7 (Flyball, 7, EV 81.2 MPH)
Runner from 3rd tags up, OUT at HOME! 7-2
Andy Wood to second
Batting: RHB Devain Ecevit 0-0: Ball
1-0: Ball
2-0: Called Strike
2-1: Ball
3-1: Foul Ball, location: 2F
3-2: Ground out 6-3 (Groundball, 6, EV 98.8 MPH)
Top of the 6th over - 0 runs, 2 hits, 0 errors, 1 left on base; Santo Domingo 0 - Syracuse 4
BOTTOM OF THE 6TH
Syracuse Snappers batting - Pitching for Santo Domingo Rum Runners : RHP Dave Scott
Batting: RHB Ben Piche 0-0: Ball
1-0: Called Strike
1-1: Swinging Strike
1-2: Ball
2-2: Ball
3-2: Base on Balls
Batting: RHB Charlie Jones 0-0: Ball
1-0: Ball
2-0: Fielders Choice at 2nd, 6-4 (Groundball, 6, EV 95.0 MPH)
Pitching: RHP Brady D'Ambra
Batting: RHB Asher Kappler 0-0: Ball
1-0: Ball
Charlie Jones steals 2nd base
2-0: Called Strike
2-1: Foul Ball, location: 2F
2-2: Strikes out swinging
Batting: LHB Devan Clark 0-0: Intentional Walk
Batting: SHB J.D. Diltz 0-0: Called Strike
0-1: Foul Ball, location: 2F
0-2: Ball
1-2: Fly out, F4 (Popup, 4S, EV 61.2 MPH)
Bottom of the 6th over - 0 runs, 0 hits, 0 errors, 2 left on base; Santo Domingo 0 - Syracuse 4
TOP OF THE 7TH
Santo Domingo Rum Runners batting - Pitching for Syracuse Snappers : RHP Kurtis McClellan
Batting: LHB Damon Casebier 0-0: DOUBLE (Line Drive, 7LM, EV 111.2 MPH)
Batting: LHB Ronald Anderson 0-0: Swinging Strike
0-1: Ball
1-1: Fly out, F9 (Line Drive, 89M, EV 88.8 MPH)
Runner from 2nd tags up, SAFE at 3rd with throw by RF
Batting: RHB Tommie Adamson 0-0: Ball
1-0: Ground out 6-3 (Groundball, 56, EV 88.1 MPH)
Damon Casebier scores
Batting: RHB Alan West 0-0: Ball
1-0: Ball
2-0: Called Strike
2-1: Ground out 3-1 (Groundball, 34, EV 97.5 MPH)
Top of the 7th over - 1 run, 1 hit, 0 errors, 0 left on base; Santo Domingo 1 - Syracuse 4
BOTTOM OF THE 7TH
Syracuse Snappers batting - Pitching for Santo Domingo Rum Runners : RHP Brady D'Ambra
Batting: RHB Damian Goranson 0-0: Called Strike
0-1: Ball
1-1: Ball
2-1: Called Strike
2-2: Foul Ball, location: 2F
2-2: Foul Ball, location: 2F
2-2: Ground out 5-3 (Groundball, 5S, EV 91.2 MPH)
Batting: SHB Spencer Buccheri 0-0: Ball
1-0: Foul Ball, location: 2F
1-1: Called Strike
1-2: Fly out, F8 (Flyball, 8LD, EV 96.2 MPH)
Batting: LHB Lawrence Gatzioudis 0-0: Ball
1-0: Ball
2-0: DOUBLE (Line Drive, 78D, EV 110.0 MPH)
Batting: RHB Lukas Byrd 0-0: Ground out U3 (Groundball, 34, EV 101.9 MPH)
Bottom of the 7th over - 0 runs, 1 hit, 0 errors, 1 left on base; Santo Domingo 1 - Syracuse 4
TOP OF THE 8TH
Santo Domingo Rum Runners batting - Pitching for Syracuse Snappers : RHP Kurtis McClellan
Pitching: RHP Mitch Wininger
Batting: LHB Larry Collier 0-0: Called Strike
0-1: Swinging Strike
0-2: Foul Ball, location: 2F
0-2: Foul Ball, location: 2F
0-2: Foul Ball, location: 2F
0-2: Strikes out swinging
Batting: RHB Devin Geertz 0-0: Called Strike
0-1: Ball
1-1: Swinging Strike
1-2: Ball
2-2: Foul Ball, location: 2F
2-2: Foul Ball, location: 2F
2-2: Foul Ball, location: 2F
2-2: Strikes out looking
Batting: RHB Andy Wood 0-0: Swinging Strike
0-1: Swinging Strike
0-2: Foul Ball, location: 2F
0-2: Strikes out swinging
Top of the 8th over - 0 runs, 0 hits, 0 errors, 0 left on base; Santo Domingo 1 - Syracuse 4
BOTTOM OF THE 8TH
Syracuse Snappers batting - Pitching for Santo Domingo Rum Runners : RHP Brady D'Ambra
Batting: RHB Ben Piche 0-0: Ball
1-0: DOUBLE (Flyball, 78D, EV 100.0 MPH)
Batting: RHB Charlie Jones 0-0: Ground out 4-3 (Groundball, 4, EV 88.1 MPH)
Ben Piche to third
Batting: RHB Asher Kappler 0-0: Ball
1-0: Called Strike
1-1: Foul Ball, location: 2F
1-2: Ball
2-2: Strikes out swinging
Batting: LHB Devan Clark 0-0: Intentional Walk
Batting: SHB J.D. Diltz 0-0: Ball
1-0: Foul Ball, location: 2F
1-1: Foul Ball, location: 2F
1-2: Strikes out swinging
Bottom of the 8th over - 0 runs, 1 hit, 0 errors, 2 left on base; Santo Domingo 1 - Syracuse 4
TOP OF THE 9TH
Santo Domingo Rum Runners batting - Pitching for Syracuse Snappers : RHP Mitch Wininger
Pitching: RHP Trevon Pearson
Batting: LHB Tom Ho 0-0: Called Strike
0-1: Swinging Strike
0-2: Foul Ball, location: 2F
0-2: Strikes out swinging
Pinch Hitting: LHB Lester Bridges 0-0: Called Strike
0-1: Foul Ball, location: 2F
0-2: Strikes out swinging
Batting: LHB Damon Casebier 0-0: Foul Ball, location: 2F
0-1: Ball
1-1: Ball
2-1: Foul Ball, location: 2F
2-2: Foul Ball, location: 2F
2-2: Ball
3-2: SOLO HOME RUN (Flyball, 89XD, EV 98.1 MPH), Distance : 394 ft
Batting: LHB Ronald Anderson 0-0: Foul Ball, location: 2F
0-1: Swinging Strike
0-2: Ball
1-2: Ball
2-2: Fly out, F8 (Flyball, 8RD, EV 100.0 MPH)
Top of the 9th over - 1 run, 1 hit, 0 errors, 0 left on base; Santo Domingo 2 - Syracuse 4
Wednesday, May 1st , 2024 - OOTP Baseball 23.10 Build 110